 Dungeon Crawl Stone Soup version 0.17.1-3-g152610e (webtiles) character file.

2211 mrath the Digger (level 9, -1/51 HPs)
             Began as a Gargoyle Earth Elementalist on Mar 21, 2016.
             Slain by a killer bee (4 damage)
             ... on level 7 of the Dungeon.
             The game lasted 01:05:45 (8277 turns).

mrath the Digger (Gargoyle Earth Elementalist)      Turns: 8277, Time: 01:05:45

Health: -1/51      AC: 12    Str: 12    XL:     9   Next: 35%
Magic:  24/28      EV: 12    Int: 19    God:
Gold:   318        SH:  0    Dex: 10    Spells: 4 memorised, 11 levels left

rFire  . . .     SeeInvis .     a - +1 flail (drain)
rCold  . . .     Clarity  .     F - +2 robe {MR+}
rNeg   + . .     SustAt   .     (no shield)
rPois  ∞         Gourm    .     (no helmet)
rElec  +         Spirit   .     y - +0 cloak
rCorr  .         Warding  .     C - +0 pair of gloves
rMut   .         Stasis   .     (no boots)
MR     +....                    (no amulet)
Stlth  ++........               (no ring)
                                p - ring of magical power

@: somewhat resistant to hostile enchantments, unstealthy
A: negative energy resistance 1, electricity resistance, unbreathing,
petrification resistance, rot immunity, AC +5
a: no special abilities


You were on level 7 of the Dungeon.
You were not hungry.

You visited 2 branches of the dungeon, and saw 8 of its levels.
You also visited: Ossuary.

You collected 318 gold pieces.

Inventory:

Hand Weapons
 a - a +1 flail of draining (weapon)
 s - a +2 hand axe of chopping
 v - a +0 hunting sling
 O - a +2 whip of electrocution
Missiles
 b - 48 stones (quivered)
 l - 17 sling bullets
 n - 23 poisoned needles
 J - 3 throwing nets
 Q - 9 tomahawks
Armour
 y - a +0 cloak (worn)
 C - a +0 pair of gloves (worn)
 E - a +0 leather armour of magic resistance
 F - a +2 robe of magic resistance (worn)
Jewellery
 p - a ring of magical power (left hand)
Scrolls
 f - 2 scrolls of identify {unknown}
 j - 3 scrolls of recharging {unknown}
 k - 2 scrolls of noise {unknown}
 q - 2 scrolls of amnesia {unknown}
 t - 4 scrolls of remove curse
 w - 2 scrolls of blinking {unknown}
 x - 5 scrolls of teleportation
 B - 2 scrolls of enchant weapon {unknown}
 D - a scroll of enchant armour {unknown}
 L - a scroll of holy word {unknown}
 P - a scroll of immolation {unknown}
Potions
 e - 2 potions of degeneration {unknown}
 g - 2 potions of haste {unknown}
 i - 8 potions of curing
 m - 2 potions of brilliance {unknown}
 o - a potion of invisibility {unknown}
 r - 2 potions of poison {unknown}
 z - 2 potions of resistance {unknown}
 A - a potion of beneficial mutation {unknown}
 G - a potion of lignification {unknown}
 I - a potion of flight {unknown}
 K - 3 potions of ambrosia {unknown}
 M - 2 potions of heal wounds {unknown}
Books
 c - a book of Geomancy

   Spells                             Type                      Level
   a - Sandblast                      Earth                        1
   b - Stoneskin                      Transmutation/Earth          2
   c - Passwall                       Transmutation/Earth          3
   d - Stone Arrow                    Conjuration/Earth            3
   e - Petrify                        Transmutation/Earth          4
   f - Lee's Rapid Deconstruction     Earth                        5
Comestibles
 d - 4 bread rations
 h - 4 meat rations
 u - 2 beef jerkies
 H - a royal jelly


   Skills:
 + Level 3.4 Fighting
 + Level 3.1 Maces & Flails
 + Level 3.4 Armour
 + Level 2.8 Dodging
 - Level 2.1 Stealth
 * Level 7.0 Spellcasting
 + Level 4.7 Conjurations
 - Level 0.7 Transmutations
 + Level 7.3 Earth Magic


You had 11 spell levels left.
You knew the following spells:

 Your Spells              Type           Power        Failure   Level  Hunger
a - Sandblast             Erth           ####..       1%          1    None
b - Stoneskin             Trmt/Erth      ###.....     3%          2    None
c - Stone Arrow           Conj/Erth      ####..       2%          3    #......
d - Lee's Rapid Deconstr  Erth           ####......   14%         5    #####..


Dungeon Overview and Level Annotations

Branches:
Dungeon (7/15)             Temple (1/1) D:6

Altars:
Ashenzari
Cheibriados
Dithmenos
Elyvilon
Gozag
Kikubaaqudgha
Makhleb
Nemelex Xobeh
Trog
Vehumet
Xom
Yredelemnul
The Shining One

Shops:
D:5 %

Annotations:
D:4 Sigmund
D:6 Goblin1989's ghost, novice HOGl


Innate Abilities, Weirdness & Mutations

You are resistant to torment.
Your stone body is resilient (AC +5).
You are immune to poison.
You resist negative energy.
You are resistant to electric shocks.
You can survive without breathing.
You are immune to petrification.
You are immune to rotting.


Message History

The blast of sand hits the killer bee.
The killer bee is moderately wounded.
The killer bee barely misses you. The killer bee misses you.
Casting: Sandblast
Confirm with . or Enter, or press ? or * to list all spells.
Aiming: Sandblast
Press: ? - help, Shift-Dir - straight line, f/p - killer bee
Aim: a killer bee (moderately wounded)
The blast of sand hits the killer bee.
The killer bee is moderately wounded.
The killer bee stings you but does no damage. x2
Casting: Sandblast
Confirm with . or Enter, or press ? or * to list all spells.
Aiming: Sandblast
Press: ? - help, Shift-Dir - straight line, f/p - killer bee
Aim: a killer bee (moderately wounded)
The blast of sand hits the killer bee.
The killer bee is moderately wounded.
The killer bee stings you.
You die...

#.....###'###.
#.............
#.............
#.............
######.............
#.yy.yy...####.###.
##y###....# #.# #.
#y# #....# #.# ##
#@# #....# #.# #.#
##+### #.# #.# #.#
#.# #.# #.# #.# #.#
#.# #.# #.#


You could see 4 killer bees.

Vanquished Creatures
  Pikel (D:5)
  A hungry ghost (D:7)
  A hippogriff (D:7)
  Edmund (D:5)
  An orc warrior (D:7)
  A sky beast (D:7)
  4 slaves (D:5)
  An ogre (D:4)
  A centaur (D:5)
  Blork the orc (D:4)
  3 crimson imps
  A quasit (D:7)
  3 centaur zombies (Ossuary)
  2 hounds (D:6)
  A jelly (D:6)
  3 orc wizards
  2 orc priests
  A centaur skeleton (D:5)
  A gnoll shaman (D:5)
  Terence (D:3)
  2 iguanas
  A worker ant (D:4)
  A big kobold zombie (Ossuary)
  6 mummies
  7 adders
  4 gnolls (D:5)
  6 worms
  A giant gecko (D:1)
  18 orcs
  A ball python (D:3)
  4 giant cockroaches
  10 goblins
  8 hobgoblins
  14 jackals
  2 quokkas
  14 bats
  A giant cockroach zombie (D:6)
  2 giant gecko skeletons (D:4)
  A giant gecko zombie (D:5)
  5 giant newts
  4 hobgoblin zombies (Ossuary)
  10 kobolds
  A quokka zombie (D:7)
  10 rats
164 creatures vanquished.

Notes
Turn   | Place    | Note
--------------------------------------------------------------
     0 | D:1      | mrath the Gargoyle Earth Elementalist began the quest for the Orb.
     0 | D:1      | Reached XP level 1. HP: 10/10 MP: 3/3
   371 | D:1      | Reached XP level 2. HP: 15/15 MP: 3/5
   568 | D:1      | Reached skill level 4 in Earth Magic
  1169 | D:1      | Reached XP level 3. HP: 19/19 MP: 5/7
  1980 | D:2      | Learned a level 2 spell: Stoneskin
  1984 | D:2      | Learned a level 3 spell: Stone Arrow
  2034 | D:2      | Reached XP level 4. HP: 24/24 MP: 7/9
  2640 | D:3      | Noticed Terence
  3309 | D:3      | Reached skill level 1 in Conjurations
  3313 | D:3      | Reached XP level 5. HP: 25/28 MP: 5/10
  3375 | D:3      | Reached skill level 5 in Earth Magic
  3497 | D:4      | Noticed Blork the orc
  3505 | D:4      | Killed Blork the orc
  3588 | D:4      | Found a sparkling altar of Nemelex Xobeh.
  3601 | D:4      | Noticed a phantom
  3926 | D:4      | Noticed Sigmund
  4051 | D:3      | Killed Terence
  4051 | D:3      | Reached XP level 6. HP: 32/32 MP: 10/12
  4352 | D:5      | Entered Level 5 of the Dungeon
  4743 | D:5      | Noticed Edmund
  4762 | D:5      | Killed Edmund
  4762 | D:5      | Reached skill level 5 in Spellcasting
  4762 | D:5      | Reached skill level 6 in Earth Magic
  4762 | D:5      | Reached XP level 7. HP: 24/36 MP: 12/14
  5313 | D:5      | Found Murahae's Food Shoppe.
  5677 | D:4      | Noticed an ogre
  5683 | D:4      | Killed an ogre
  5683 | D:4      | Reached skill level 1 in Fighting
  5683 | D:4      | Reached skill level 1 in Maces & Flails
  5683 | D:4      | Reached skill level 1 in Armour
  6141 | D:5      | Reached XP level 8. HP: 43/43 MP: 16/16
  6204 | D:6      | Found a staircase to the Ecumenical Temple.
  6223 | Temple   | Entered the Ecumenical Temple
  6500 | D:6      | Found a sand-covered staircase.
  6523 | Ossuary  | Entered an ossuary
  6866 | D:6      | Noticed Goblin1989's ghost (novice HOGl)
  7084 | D:5      | Noticed Pikel
  7098 | D:5      | Killed Pikel
  7135 | D:5      | Learned a level 5 spell: Lee's Rapid Deconstruction
  7420 | D:6      | Reached XP level 9. HP: 48/50 MP: 18/18
  7818 | D:7      | Reached skill level 7 in Earth Magic
  8272 | D:7      | HP: 2/51 [killer bee (1)]
  8277 | D:7      | Slain by a killer bee

Action                   |  1- 3 |  4- 6 |  7- 9 || total
-------------------------+-------+-------+-------++-------
Melee: Club              |    21 |       |       ||    21
       Whip              |    25 |     5 |       ||    30
       Flail             |       |     8 |   162 ||   170
 Fire: Hunting sling     |       |       |     4 ||     4
 Cast: Sandblast         |    73 |   120 |   153 ||   346
       Stoneskin         |       |     1 |     2 ||     3
  Use: Scroll            |       |       |     2 ||     2
       Potion            |       |       |     1 ||     1
 Stab: Sleeping          |       |       |     2 ||     2
  Eat: Chunk             |     4 |     8 |    11 ||    23
